 Dungeon Crawl Stone Soup version 0.28.0-53-g5a82cb258f (webtiles) character file.

Game seed: 14847204633294582748

9214 nickcage the Destroyer (level 11, -8/54 HPs)
             Began as a Deep Elf Conjurer on June 27, 2022.
             Was a Follower of Vehumet.
             Killed from afar by a fire dragon (15 damage)
             ... with a blast of flame
             ... on level 10 of the Dungeon.
             The game lasted 01:02:18 (14547 turns).

nickcage the Destroyer (Deep Elf Conjurer)         Turns: 14547, Time: 01:02:19

Health: -8/54      AC: 14    Str:  4    XL:     11   Next: 20%
Magic:  3/27       EV: 12    Int: 31    God:    Vehumet [*.....]
Gold:   604        SH:  0    Dex: 13    Spells: 8/31 levels left

rFire   + . .      SeeInvis .   q - +8 mace of Cyttierr {flame, Fly rElec rN+}
rCold   . . .      Faith    .   (no shield)
rNeg    + + +      Spirit   .   B - +2 robe of Xih Tuok {Harm *Corrode rN++ Int+3}
rPois   .          Reflect  .   (no helmet)
rElec   +          Harm     +   n - +2 cloak
rCorr   .          Rampage  .   w - +2 pair of gloves
Will    +....                   (no boots)
Stlth   ++........              (no amulet)
HPRegen 0.18/turn               b - ring of protection from fire
MPRegen 0.20/turn               h - +4 ring of protection

@: flying, studying Staves
A: no striking features
a: Renounce Religion


You were on level 10 of the Dungeon.
You worshipped Vehumet.
Vehumet was aware of your devotion.
You visited 2 branches of the dungeon, and saw 11 of its levels.
You also visited: Bailey.

You collected 661 gold pieces.
You spent 57 gold pieces at shops.

Inventory:

Hand Weapons
 d - a +1 dagger
 q - the +8 mace of Cyttierr (weapon) {flame, Fly rElec rN+}
   (You found it on level 5 of the Dungeon)

   It burns those it strikes, dealing additional fire damage.
   rElec:     It insulates you from electricity.
   rN:        It protects you from negative energy.
   Fly:       It grants you flight.
 u - a +0 trident
Armour
 a - a +0 robe
 n - a +2 cloak (worn)
 p - a +1 buckler
 s - +0 swamp dragon scales
 w - a +2 pair of gloves (worn)
 B - the +2 robe of Xih Tuok (worn) {Harm *Corrode rN++ Int+3}
   (You found it on level 10 of the Dungeon)

   Int:       It affects your intelligence (+3).
   rN:        It greatly protects you from negative energy.
   *Corrode:  It may corrode you when you take damage.
   Harm:      It increases damage dealt and taken.
Jewellery
 b - a ring of protection from fire (left hand)
 f - a +4 ring of evasion
 h - a +4 ring of protection (right hand)
Wands
 y - a wand of charming (6)
 A - a wand of iceblast (6)
 C - a wand of paralysis (3)
Scrolls
 i - a scroll of amnesia
 k - 4 scrolls of teleportation
 o - a scroll of identify
 v - a scroll of enchant armour
 x - 2 scrolls of magic mapping
Potions
 c - 3 potions of lignification
 e - a potion of ambrosia
 g - 5 potions of magic
 j - 2 potions of cancellation
 l - a potion of invisibility
 m - 2 potions of curing
 r - a potion of haste
 t - 2 potions of flight
 z - a potion of might


   Skills:
 - Level 1.0 Staves
 - Level 2.4 Dodging
 - Level 2.4 Stealth
 - Level 10.6 Spellcasting
 - Level 14.9 Conjurations
 - Level 5.4 Hexes
 - Level 4.3 Translocations
 * Level 3.1 Fire Magic
 * Level 4.6 Air Magic


You had 8 spell levels left.
You knew the following spells:

 Your Spells              Type           Power      Damage    Failure   Level
a - Magic Dart            Conj           100%       1d8       0%          1
b - Searing Ray           Conj           100%       2d8       0%          2
c - Fulminant Prism       Conj/Hex       34%        3d16      1%          4
d - Iskenderun's Mystic   Conj/Tloc      66%        2d14      1%          4
e - Lightning Bolt        Conj/Air       33%        1d51      1%          5
f - Conjure Flame         Conj/Fire      64%        6-21      1%          3
g - Flame Wave            Conj/Fire      64%        2d12      1%          4

Your spell library contained the following spells:

 Spells                   Type           Power      Damage    Failure   Level
 Sandblast                Erth           32%        2d9       3%          1
 Foxfire                  Conj/Fire      100%       2x1d9     1%          1
 Ensorcelled Hibernation  Hex/Ice        66%        N/A       1%          2
 Static Discharge         Conj/Air       67%        N/A       1%          2
 Dazzling Flash           Conj/Hex       100%       N/A       1%          3
 Inner Flame              Hex/Fire       43%        N/A       1%          3
 Beastly Appendage        Tmut           32%        N/A       3%          1
 Wereblood                Tmut           16%        N/A       4%          2
 Spider Form              Tmut/Pois      16%        N/A       9%          3
 Anguish                  Hex/Necr       16%        N/A       10%         4
 Maxwell's Capacitive Co  Air            22%        ∞         100%        8


Dungeon Overview and Level Annotations

Branches:
Dungeon (10/15)            Temple (1/1) D:7            Lair (0/6) D:10
    Orc (0/2) D:10         Bailey (visited)

Altars:
Ashenzari
Cheibriados
Dithmenos
Elyvilon
Fedhas
Gozag
Hepliaklqana
Kikubaaqudgha
Makhleb
Nemelex Xobeh
Okawaru
Qazlal
Ru
Sif Muna
Trog
Uskayaw
Vehumet
Wu Jian
Xom
Yredelemnul
Zin
The Shining One

Shops:
D:4 *

Annotations:
D:7 2 transporters, gobodom's ghost, weakling FeDe


Message History

You conjure a prism of explosive energy!
A fulminant prism comes into view.
Casting: Fulminant Prism (dangerous; 1% risk of failure)
Confirm with . or Enter, or press ? or * to list all spells.
Aiming: Lightning Bolt (dangerous; 1% risk of failure)
Press: ? - help, Shift-Dir - straight line, f - fire dragon
Aim: a fire dragon (moderately wounded, ally target, 74% to hit)
You hear a mighty clap of thunder!
The bolt of lightning hits the fire dragon!!
The fire dragon is severely wounded.
Your fulminant prism crackles loudly.
An electric eel comes into view.
Casting: Lightning Bolt (dangerous; 1% risk of failure)
Confirm with . or Enter, or press ? or * to list all spells.
You erupt in a blast of force!
The mystic blast hits the fire dragon!
The fire dragon is severely wounded.
The fire dragon breathes flames at you. The blast of flame hits you!!
You resist.
Your fulminant prism explodes!
The blast of energy engulfs the fire dragon.
The fire dragon is almost dead.
The searing ray hits the fire dragon!
The fire dragon is almost dead. (Press . to maintain the ray.)
The electric eel shoots out a bolt of lightning at you!
The bolt of electricity hits you. You resist. The fire dragon bites you!
* * * LOW HITPOINT WARNING * * *
The fire dragon claws you.
* * * LOW HITPOINT WARNING * * *
The fire dragon tramples you.
* * * LOW HITPOINT WARNING * * *
You are shoved backwards!
Casting: Searing Ray (safe; 0% risk of failure)
Confirm with . or Enter, or press ? or * to list all spells.
Okay, then.
Okay, then.
Okay, then.
The fire dragon breathes flames at you. The blast of flame hits you!
You resist.
You die...

........#
#......≈≈#
###.....#
#........#
#.....#
##.......#
#.....# #......##
#.....# #......#
###.....#
##....##
........# ##D.##
#.......# #..#
#.......# #@##
#.......# #.#
#.......# ##.#
#.......# #..#
#.......# #.##
#.......#### #.#
#..........# #.#
#.......##.####.#
#.......##.##...#


You could see a fire dragon (catching breath).

Vanquished Creatures
  A hydra (D:10)
  A two-headed ogre (D:6)
  A cyclops (D:8)
  Maggie (D:6)
  A hornet (D:7)
  A shadow (D:6)
  A wyvern (D:4)
  8 yaks
  Eustachio (D:5)
  A water moccasin (D:5)
  Duvessa (D:7)
  A black bear (D:7)
  2 necrophages
  14 orc warriors
  A sky beast (D:6)
  An ogre (D:7)
  15 centaurs
  5 kobold brigands
  4 bullfrogs
  A wyvern zombie (D:7)
  2 scorpions
  Dowan (D:7)
  5 killer bees (D:9)
  12 wights
  A howler monkey (D:6)
  2 bullfrog zombies
  A centaur zombie (D:9)
  2 hounds (D:5)
  2 orc priests
  3 bullfrog skeletons
  2 centaur skeletons
  2 iguanas
  2 killer bee zombies
  2 howler monkey zombies
  8 gnolls
  13 adders
  2 white imps
  An ufetubus (D:6)
  An adder skeleton (D:4)
  A worm (D:4)
  44 orcs
  6 endoplasms
  4 giant cockroaches
  8 hobgoblins
  5 jackals
  26 kobolds
  5 quokkas
  5 ball pythons
  3 bats
  5 frilled lizards
  8 goblins
  7 rats
  A spectral orc (D:9)
254 creatures vanquished.

Vanquished Creatures (others)
  44 fulminant prisms
  7 plants (D:10)
51 creatures vanquished.

Grand Total: 305 creatures vanquished

Notes
Turn   | Place    | Note
-------+----------+-------------------------------------------
     0 | D:1      | nickcage the Deep Elf Conjurer began the quest for the Orb.
     0 | D:1      | Reached XP level 1. HP: 10/10 MP: 6/6
   194 | D:1      | Reached XP level 2. HP: 15/15 MP: 6/8
   197 | D:1      | Learned a level 2 spell: Searing Ray
   303 | D:1      | Reached skill level 5 in Conjurations
   887 | D:1      | Reached XP level 3. HP: 19/19 MP: 7/9
  1664 | D:2      | Found a faded altar of an unknown god.
  1881 | D:2      | Reached skill level 6 in Conjurations
  1881 | D:2      | Reached XP level 4. HP: 24/24 MP: 8/11
  1886 | D:2      | Learned a level 4 spell: Fulminant Prism
  2065 | D:3      | Found a shadowy altar of Dithmenos.
  2512 | D:3      | Found a blossoming altar of Fedhas.
  2571 | D:3      | Found a glowing golden altar of the Shining One.
  2675 | D:4      | Reached XP level 5. HP: 28/28 MP: 8/12
  2680 | D:4      | Learned a level 4 spell: Iskenderun's Mystic Blast
  2760 | D:4      | Noticed a wyvern
  2766 | D:4      | Killed a wyvern
  2767 | D:4      | Reached skill level 7 in Conjurations
  2767 | D:4      | Reached skill level 1 in Translocations
  2767 | D:4      | Reached XP level 6. HP: 15/32 MP: 4/14
  3051 | D:4      | Found an iron altar of Okawaru.
  3057 | D:4      | Identified the +8 hand axe of Veset {chaos, *Corrode Fly
                  | Str+4}
  3070 | D:4      | Found Vaetorch's Assorted Antiques.
  3078 | D:4      | Bought a scroll labelled XUATZA EDEYSMI for 19 gold pieces
  3078 | D:4      | Bought a scroll labelled AKHAOMN ISTODGH for 19 gold pieces
  3078 | D:4      | Bought a scroll labelled NENETHROROPP for 19 gold pieces
  4109 | D:5      | Entered Level 5 of the Dungeon
  4110 | D:5      | Noticed a water moccasin
  4117 | D:5      | Killed a water moccasin
  4118 | D:5      | Reached skill level 5 in Spellcasting
  4293 | D:5      | Identified the +8 mace of Cyttierr {flame, Fly rElec rN+}
  4443 | D:5      | Reached XP level 7. HP: 36/36 MP: 10/16
  4695 | D:5      | Noticed a +0 short sword
  4695 | D:5      | Noticed a +0 dagger
  4696 | D:5      | Noticed a +0 short sword
  4698 | D:5      | Noticed Eustachio
  4699 | D:5      | Noticed a +0 spear
  4702 | D:5      | Noticed a +0 spear
  4705 | D:5      | Noticed a +0 falchion
  4706 | D:5      | Killed Eustachio
  4707 | D:5      | Reached skill level 8 in Conjurations
  4707 | D:5      | Noticed a +0 falchion
  4709 | D:5      | Noticed a +0 dagger
  4824 | D:5      | Found a hide-covered altar of Uskayaw.
  5548 | D:6      | Noticed a shadow
  5598 | D:6      | Reached XP level 8. HP: 41/41 MP: 8/20
  5796 | D:6      | Noticed a two-headed ogre
  5806 | D:6      | Killed a two-headed ogre
  5807 | D:6      | Reached skill level 9 in Conjurations
  5807 | D:6      | Reached skill level 5 in Hexes
  5972 | D:6      | Noticed Maggie
  6227 | D:6      | Reached XP level 9. HP: 36/45 MP: 17/23
  6688 | D:6      | Found a sparkling altar of Nemelex Xobeh.
  6689 | D:6      | Found an ancient bone altar of Kikubaaqudgha.
  6689 | D:6      | Found a glowing silver altar of Zin.
  6697 | D:6      | Reached skill level 10 in Conjurations
  6977 | D:6      | Killed Maggie
  7484 | D:7      | Noticed gobodom's ghost (weakling FeDe)
  7484 | D:7      | Found a transporter.
  7689 | D:7      | Reached skill level 11 in Conjurations
  7711 | D:7      | Found a flagged portal.
  7824 | Bailey   | Entered a bailey
  8039 | Bailey   | Reached skill level 10 in Spellcasting
  8647 | Bailey   | Reached skill level 12 in Conjurations
  9002 | Bailey   | Reached skill level 1 in Staves
  9002 | Bailey   | Reached XP level 10. HP: 50/50 MP: 18/26
  9112 | Bailey   | Identified the +0 ring mail of the Sea {rN++}
  9456 | Bailey   | Reached skill level 13 in Conjurations
 10159 | D:7      | Learned a level 5 spell: Lightning Bolt
 10211 | D:7      | Found a staircase to the Ecumenical Temple.
 10307 | Temple   | Entered the Ecumenical Temple
 10368 | Temple   | Became a worshipper of Vehumet
 10569 | D:7      | Reached skill level 1 in Air Magic
 10654 | D:7      | Paralysed by a hornet for 3 turns
 10916 | D:7      | Noticed Dowan
 10918 | D:7      | Noticed Duvessa
 10919 | D:7      | Killed Dowan
 10920 | D:7      | Killed Duvessa
 10982 | D:7      | Found a shimmering altar of Xom.
 11105 | D:7      | Found a transporter.
 11113 | D:7      | Noticed a moth of wrath
 11825 | D:8      | Reached skill level 14 in Conjurations
 11904 | D:8      | Found a bloodstained altar of Trog.
 12213 | D:8      | Noticed a cyclops
 12220 | D:8      | Killed a cyclops
 12220 | D:8      | Reached * piety under Vehumet
 12220 | D:8      | Offered knowledge of Sandblast by Vehumet.
 12619 | D:8      | Learned a level 3 spell: Conjure Flame
 12624 | D:8      | Learned a level 4 spell: Flame Wave
 13077 | D:9      | Found a basalt altar of Yredelemnul.
 13440 | D:9      | Reached XP level 11. HP: 54/54 MP: 19/27
 13654 | D:10     | Entered Level 10 of the Dungeon
 13692 | D:10     | Reached skill level 1 in Fire Magic
 13816 | D:10     | Found a staircase to the Lair.
 13883 | D:10     | Noticed a five-headed hydra
 13890 | D:10     | Killed a five-headed hydra
 13992 | D:10     | Identified the +2 robe of Xih Tuok {Harm *Corrode rN++
                  | Int+3}
 14230 | D:10     | Found a staircase to the Orcish Mines.
 14534 | D:10     | Noticed a fire dragon
 14547 | D:10     | Killed from afar by a fire dragon

Illustrated notes

Levels and vault maps discovered:
D:1:      roderic_octagonal_star, layout_loops_ring, minmay_stone_trees_medium,
          minmay_surrounded
D:2:      layout_basic, chequers_ecumenical_altar_twisty, minmay_tetromino_i4
D:3:      wander_river, layout_rooms, fedhas_altar_4, lemuel_doored_altar,
          nicolae_tso_swordbearing_angel, chequers_serial_rivers_small_a
D:4:      layout_gridville, okawaru_ov_weapons_minmay, nicolae_stop_n_shop_2
D:5:      layout_gridville, nicolae_uskayaw_en_pointe, uniq_eustachio
D:6:      layout_basic, grunt_temple_overflow_open, minmay_manual_mares,
          uniq_maggie
D:7:      layout_basic, mainiacjoe_overflow_24_doors,
          minmay_temple_entry_slanted, gammafunk_ghost_berserking_beasts,
          enter_bailey_3, uniq_duvessa
D:8:      layout_cave_pods, trog_three_pillars_becter, roderic_roman_lattice,
          minmay_misc_feat_four_crosses
D:9:      layout_stronghold, yredelemnul_forgotten_temple_becter
D:10:     dragon1_lemuel, layout_irregular_city, dpeg_oklobed_lair, orc_david_3
Temple:   jpeg_temple_clearing

Skill      XL: |  1  2  3  4  5  6  7  8  9 10 11 |
---------------+----------------------------------+-----
Conjurations   | 5 6 7 8 9 12 14 | 14.9
Spellcasting   | 4 5 6 8 10 | 10.6
Hexes          | 2 3 4 5 |  5.4
Translocations | 1 2 3 4 |  4.3
Staves         | 1 |  1.0
Air Magic      | 3 4 |  4.6
Fire Magic     | 3 |  3.1
Dodging        | |  2.4
Stealth        | |  2.4

Action                   |  1- 3 |  4- 6 |  7- 9 | 10-12 || total
-------------------------+-------+-------+-------+-------++-------
Melee: Mace              |       |       |     2 |       ||     2
 Cast: Magic Dart        |    75 |    84 |   110 |   112 ||   381
       Searing Ray       |       |     9 |    50 |    44 ||   103
       Fulminant Prism   |       |       |    16 |    28 ||    44
       Lightning Bolt    |       |       |       |    11 ||    11
       Iskenderun's Myst |       |       |       |     3 ||     3
  Use: Scroll            |       |     8 |     5 |     9 ||    22
       Potion            |       |       |       |     2 ||     2
Armor: Robe              |     1 |     4 |    13 |    13 ||    31
Dodge: Dodged            |     5 |    12 |    45 |    39 ||   101
